 Seeded DCSS version 0.28-a0-1567-g1695149f81 (webtiles) character file.

Game seed: 641 (custom seed)

73 knot the Chopper (level 4, -1/35 HPs)
             Began as a Demonspawn Berserker on Jan 20, 2022.
             Was a Believer of Trog.
             Succumbed to an adder's poison
             ... on level 6 of the Dungeon.
             The game lasted 00:01:54 (2715 turns).

knot the Chopper (Demonspawn Berserker)             Turns: 2715, Time: 00:01:54

Health: -1/35      AC:  2    Str: 17    XL:     4   Next: 8%
Magic:  4/4        EV: 12    Int: 11    God:    Trog [**....]
Gold:   118        SH:  0    Dex: 12    Spells: 3/3 levels left

rFire   . . .      SeeInvis .   a - +0 hand axe
rCold   . . .      Faith    .   (no shield)
rNeg    . . .      Spirit   .   b - +0 animal skin
rPois   .          Reflect  .   (no helmet)
rElec   .          Harm     .   (no cloak)
rCorr   .          Rampage  .   (no gloves)
Will    ++...                   (no boots)
Stlth   +.........              (no amulet)
HPRegen 1.11/turn               (no ring)
MPRegen 0.09/turn               (no ring)

@: lethally poisoned (-1 -> -8), strong-willed, on berserk cooldown,
regenerating, hasted and slowed, invisible
A: powered by death 1
a: Renounce Religion, Berserk, Trog's Hand


You were on level 6 of the Dungeon.
You worshipped Trog.
Trog was pleased with you.
You visited 1 branch of the dungeon, and saw 4 of its levels.

You collected 118 gold pieces.

Inventory:

Hand Weapons
 a - a +0 hand axe (weapon)
Missiles
 h - 25 stones (quivered)
 k - 4 poisoned darts
Armour
 b - a +0 animal skin (worn)
Scrolls
 c - a scroll of identify {unknown}
 d - 2 scrolls of immolation {unknown}
 f - a scroll of enchant weapon {unknown}
 i - a scroll of magic mapping {unknown}


   Skills:
 - Level 3.0 Fighting
 * Level 3.8 Axes
 * Level 2.1 Throwing
 - Level 1.7 Armour
 - Level 1.7 Dodging


You had 3 spell levels left.
You didn't know any spells.
Your spell library contained the following spells:

 Spells                   Type           Power      Damage    Failure   Level
 Call Canine Familiar     Summ           0%         N/A       71%         3
 Portal Projectile        Hex/Tloc       0%         N/A       71%         3
 Leda's Liquefaction      Hex/Erth       0%         N/A       98%         4


Dungeon Overview and Level Annotations

Branches:
Dungeon (3/15)

Altars:


Innate Abilities, Weirdness & Mutations

You regenerate a little health from kills.


Message History

The adder is no longer blind.
The adder bites you but does no damage. The adder barely misses you.
You barely miss the adder.
The adder is moderately wounded.
The adder bites you.
You are poisoned.
The adder poisons you! The adder misses you.
You barely miss the adder.
The adder is moderately wounded.
You feel very sick. The adder barely misses you.
The adder closely misses you. x2
You barely miss the adder.
The adder is moderately wounded.
You feel sick. The adder bites you. The adder closely misses you.
You hit the adder.
The adder is heavily wounded.
You feel sick. The adder bites you.
You are more poisoned.
The adder poisons you! The adder barely misses you.
Your skin crawls.
You feel strong-willed.
You feel very sick. The adder bites you.
You are more poisoned.
The adder poisons you! The adder closely misses you.
It was a potion of haste.
You feel yourself speed up.
You feel very sick. The adder bites you.
* * * LOW HITPOINT WARNING * * *
You are more poisoned.
The adder poisons you! The adder barely misses you.
It was a potion of invisibility.
You fade into invisibility!
* * * LOW HITPOINT WARNING * * *
You feel very sick. The adder bites you.
* * * LOW HITPOINT WARNING * * *
You are more poisoned.
The adder poisons you!
You die...

#.
..
..
.#
.###
..#
#.#
#@#
#.#
#S#
#o.
.(##
###


You could see an adder and an orc.

Vanquished Creatures
  3 adders (D:2)
  A dart slug (D:2)
  2 orcs (D:6)
  2 bats
  4 endoplasms
  4 giant cockroaches
  2 goblins
  4 hobgoblins
  4 kobolds
  A quokka (D:2)
  7 ball pythons
  2 frilled lizards
  3 rats
39 creatures vanquished.

Notes
Turn   | Place    | Note
-------+----------+-------------------------------------------
     0 | D:1      | knot the Demonspawn Berserker began the quest for the Orb.
     0 | D:1      | Reached XP level 1. HP: 18/18 MP: 1/1
   268 | D:1      | Gained mutation: You regenerate a little health from kills.
                  | [demonic ancestry]
   268 | D:1      | Reached XP level 2. HP: 18/24 MP: 2/2
   480 | D:1      | Found a faded altar of an unknown god.
   736 | D:1      | Reached skill level 1 in Throwing
  1086 | D:2      | Reached XP level 3. HP: 24/29 MP: 3/3
  1343 | D:2      | Reached ** piety under Trog
  2434 | D:2      | Reached XP level 4. HP: 25/35 MP: 4/4
  2684 | D:3      | You fall into a shaft and drop 3 floors!
  2715 | D:6      | Succumbed to an adder's poison

Illustrated notes

Levels and vault maps discovered:
D:1:      dpeg_arrival_round_b, layout_loops_corners,
          hellmonk_ecumenical_altar_heavens_door
D:2:      layout_loops_ring
D:3:      layout_rooms, nicolae_qazlal_eye_of_the_storm,
          hangedman_feature_mirror
D:6:      layout_loops_ring

Skill      XL: |  1  2  3 |
---------------+----------+-----
Axes           | 3 |  3.8
Throwing       | 1 2 |  2.1
Fighting       | |  3.0
Armour         | |  1.7
Dodging        | |  1.7

Action                   |  1- 3 |  4- 6 || total
-------------------------+-------+-------++-------
Melee: Hand axe          |   112 |    14 ||   126
       Punch             |     5 |       ||     5
Throw: Dart              |     2 |     2 ||     4
Invok: Berserk           |     3 |     1 ||     4
       Trog's Hand       |       |     1 ||     1
  Use: Potion            |       |     2 ||     2
Armor: Animal skin       |    30 |     2 ||    32
Dodge: Dodged            |    65 |    17 ||    82

Table legend: (Time is in decaauts)
 A = Elapsed time spent in this place.
 B = Non-inter-level travel time spent in this place.
 C = Inter-level travel time spent in this place.
 D = Time resting spent in this place.
 E = Time spent auto-exploring this place.
 F = Levels seen in this place.
 G = Mean time per level.
                   A        B        C        D        E       F      G
               +--------+--------+--------+--------+--------+-----+--------+
         Total |   2768 |   2722 |     46 |    792 |   1607 |   4 |  692.0 |
       Dungeon |   2768 |   2722 |     46 |    792 |   1607 |   4 |  692.0 |
               +--------+--------+--------+--------+--------+-----+--------+

Top non-repeatable levels by time:
     D:2: 1401 daAuts
     D:1: 1308 daAuts
     D:6: 39 daAuts
     D:3: 18 daAuts
